 Dungeon Crawl Stone Soup version 0.27-a0-906-g0a00ce863d (webtiles) character file.

Game seed: 18431938501027315705

94 HELP the Skirmisher (level 4, 0/29 HPs)
             Began as a Gargoyle Fighter on Apr 7, 2021.
             Slain by a water moccasin (4 damage)
             ... on level 3 of the Dungeon.
             The game lasted 00:06:34 (2717 turns).

HELP the Skirmisher (Gargoyle Fighter)              Turns: 2717, Time: 00:06:35

Health: 0/29       AC: 10    Str: 20    XL:     4   Next: 63%
Magic:  4/4        EV:  7    Int:  9    God:
Gold:   54         SH:  9    Dex:  9    Spells: 3/3 levels left

rFire    . . .     SeeInvis .   a - +0 flail
rCold    . . .     Faith    .   c - +0 kite shield
rNeg     + . .     Spirit   .   f - +0 scale mail
rPois    ∞         Reflect  .   (no helmet)
rElec    +         Harm     .   (no cloak)
rCorr    .         Rampage  .   (no gloves)
Will     .....                  (no boots)
Stlth    ..........             (no amulet)
HPRegen  0.09/turn              (no ring)
MPRegen  0.09/turn              (no ring)

@: no status effects
A: AC +3, negative energy resistance 1, electricity resistance, torment
resistance 1, unbreathing 1, petrification resistance
a: no special abilities


You were on level 3 of the Dungeon.
You visited 1 branch of the dungeon, and saw 3 of its levels.

You collected 54 gold pieces.

Inventory:

Hand Weapons
 a - a +0 flail (weapon)
 b - a +0 hunting sling
Missiles
 e - 165 stones (quivered)
 i - 30 poisoned darts
Armour
 c - a +0 kite shield (worn)
 f - a +0 scale mail (worn)
Magical Staves
 m - a staff of death
Scrolls
 g - a scroll of blinking {unknown}
 h - a scroll of vulnerability {unknown}
 j - a scroll of enchant armour {unknown}
 k - a scroll of amnesia {unknown}
Potions
 d - a potion of might
 l - 3 potions of heal wounds {unknown}
 n - 2 potions of flight {unknown}
 o - a potion of curing {unknown}
 p - 2 potions of cancellation {unknown}
 q - a potion of attraction {unknown}


   Skills:
 + Level 4.1 Fighting
 * Level 3.7 Maces & Flails
 + Level 3.8 Armour
 - Level 3.2 Shields


You had 3 spell levels left.
You didn't know any spells.
Your spell library was empty.

Dungeon Overview and Level Annotations

Branches:
Dungeon (3/15)

Altars:
Wu Jian

Shops:
D:1 (   D:2 !


Innate Abilities, Weirdness & Mutations

Your stone body is resilient. (AC +3)
You are immune to poison.
You resist negative energy. (rN+)
You are resistant to electric shocks. (rElec)
You are resistant to unholy torment.
You can survive without breathing.
You are immune to petrification.


Message History

The quokka is moderately wounded.
The quokka bites you but does no damage.
You block the quokka's attack.
Your shield prevents you from hitting the quokka.
The quokka is moderately wounded.
The quokka closely misses you. You block the quokka's attack.
You hit the quokka.
The quokka is almost dead.
You block the quokka's attack. The quokka closely misses you.
You thump the quokka!
You kill the quokka!
The water moccasin bites you but does no damage.
Your shield prevents you from hitting the water moccasin.
The water moccasin is lightly wounded.
The water moccasin bites you. You block the water moccasin's attack.
You hit the water moccasin.
The water moccasin is lightly wounded.
The water moccasin bites you but does no damage.
You block the water moccasin's attack. The water moccasin bites you.
* * * LOW HITPOINT WARNING * * *
You miss the water moccasin.
The water moccasin is lightly wounded.
The water moccasin barely misses you.
The water moccasin bites you but does no damage.
You hit the water moccasin but do no damage.
The water moccasin is lightly wounded.
The water moccasin barely misses you.
The water moccasin bites you but does no damage.
You closely miss the water moccasin.
The water moccasin is lightly wounded.
You block the water moccasin's attack. The water moccasin barely misses you.
You miss the water moccasin.
The water moccasin is lightly wounded.
The water moccasin bites you but does no damage. x2
You closely miss the water moccasin.
The water moccasin is lightly wounded.
The water moccasin bites you.
* * * LOW HITPOINT WARNING * * *
The water moccasin bites you.
You die...

.........+...............##'#####
##..##.###..........##.#.##......
....................##.#.##.###.#
....##...........................
............................###.#
###.############.#.......##.# #.#
#......# #...###..###.# #.#
#......# #######.###..# #.# #.#
#......# #...)@S......# #.# #.#
###'#### #.#####......# #.# #.# #
#.# ####.# #..##.## #.# #.# ###.#
#.##.# ##.##.####.###.#
....#####.##.######.##.#.........
............................#####
............................#
#########.##.######.##.#.##.#
......# ####.##.#>##.####


You could see a water moccasin.

Vanquished Creatures
  Robin (D:2)
  2 adders
  A worm (D:2)
  2 dart slugs (D:1)
  An orc (D:3)
  3 ball pythons
  2 bats
  3 endoplasms
  A giant cockroach (D:3)
  13 goblins
  4 hobgoblins (D:2)
  5 jackals (D:3)
  7 quokkas
  3 frilled lizards
  A rat (D:2)
49 creatures vanquished.

Notes
Turn   | Place    | Note
-------+----------+-------------------------------------------
     0 | D:1      | HELP the Gargoyle Fighter began the quest for the Orb.
     0 | D:1      | Reached XP level 1. HP: 14/14 MP: 1/1
    51 | D:1      | Found Coczumez's Antique Weapon Emporium.
    81 | D:1      | Reached XP level 2. HP: 19/19 MP: 2/2
   179 | D:1      | Found a faded altar of an unknown god.
   861 | D:2      | Found an ornate altar of the Wu Jian Council.
   865 | D:2      | Found Moasou's Distillery.
  1291 | D:2      | Reached XP level 3. HP: 15/24 MP: 3/3
  1553 | D:2      | Noticed Robin
  1605 | D:2      | Killed Robin
  1645 | D:2      | Reached XP level 4. HP: 16/29 MP: 4/4
  2208 | D:3      | Reached skill level 4 in Fighting
  2621 | D:3      | Noticed a water moccasin
  2717 | D:3      | Slain by a water moccasin

Illustrated notes

Levels and vault maps discovered:
D:1:      dpeg_arrival_simpleton_a, layout_loops_cross, serial_shops,
          shop_statue, basic_ecumenical_altar, chequers_serial_rivers_room_a
D:2:      layout_loops_cross, serial_shops, shop, basic_altar, uniq_robin
D:3:      layout_basic, minmay_close_crescents, uniq_grinder

Skill      XL: |  1  2  3  4 |
---------------+-------------+-----
Maces & Flails | 3 |  3.7
Fighting       | 4 |  4.1
Armour         | |  3.8
Shields        | |  3.2

Action                   |  1- 3 |  4- 6 || total
-------------------------+-------+-------++-------
Melee: Flail             |   122 |    87 ||   209
Throw: Stone             |     1 |       ||     1
Armor: Scale mail        |    65 |    61 ||   126
Dodge: Dodged            |    47 |    33 ||    80
Block: Kite shield       |    71 |    53 ||   124

Table legend: (Time is in decaauts)
 A = Elapsed time spent in this place.
 B = Non-inter-level travel time spent in this place.
 C = Inter-level travel time spent in this place.
 D = Time resting spent in this place.
 E = Time spent auto-exploring this place.
 F = Levels seen in this place.
 G = Mean time per level.
                   A        B        C        D        E       F      G
               +--------+--------+--------+--------+--------+-----+--------+
         Total |   2817 |   2722 |     95 |    183 |   1864 |   3 |  939.0 |
       Dungeon |   2817 |   2722 |     95 |    183 |   1864 |   3 |  939.0 |
               +--------+--------+--------+--------+--------+-----+--------+

Top non-repeatable levels by time:
     D:2: 1393 daAuts
     D:1: 869 daAuts
     D:3: 554 daAuts
